Map: Void Launch

Players

wasp

  • Race: Protoss Protoss
  • Spawn Location: 6:00

NamroodTuo

  • Race: Terran Terran

VOD

Have the link to the VOD?

Description

Time

  • Played on: June 14, 2023, 6:30 a.m.
  • Length: 26:26
Show
View Real Time Build Order
Export as new Build Order

wasp Protoss 

Build Orders:  

Get SALT Encoding   

  12  0:11  Probe (Chrono Boost)  
  13  0:23  Probe (Chrono Boost)  
  14  0:35  Probe (Chrono Boost)  
  15  0:50  Probe (Chrono Boost)  
  15  0:51  Pylon  
  15  0:56  Pylon  
  16  1:40  Probe (Chrono Boost)  
  16  1:44  Assimilator  
  16  1:49  Assimilator  
  17  1:52  Probe (Chrono Boost)  
  18  2:03  Pylon  
  18  2:04  Probe (Chrono Boost)  
  18  2:07  Pylon  
  19  2:16  Probe (Chrono Boost)  
  20  2:25  Forge  
  20  2:28  Probe (Chrono Boost), Gateway  
  21  2:40  Probe (Chrono Boost)  
  22  2:52  Probe (Chrono Boost)  
  23  3:04  Probe (Chrono Boost)  
  24  3:16  Probe (Chrono Boost)  
  25  3:28  Probe (Chrono Boost)  
  26  3:40  Probe (Chrono Boost)  
  27  3:50  Photon Cannon  
  27  3:51  Photon Cannon  
  27  3:52  Probe (Chrono Boost)  
  27  3:53  Photon Cannon  
  27  3:55  Photon Cannon  
  28  4:06  Photon Cannon  
  28  4:24  Photon Cannon  
  28  4:43  Khaydarin Monolith  
  28  5:06  Khaydarin Monolith  
  28  5:37  Khaydarin Monolith  
  28  5:47  Probe (Chrono Boost)  
  28  5:50  Probe (Chrono Boost)  
  28  5:52  Probe (Chrono Boost)  
  28  5:55  Probe (Chrono Boost), Pylon  
  28  5:57  Probe (Chrono Boost)  
  28  5:59  Probe (Chrono Boost)  
  29  6:06  Pylon  
  34  7:10  Cybernetics Core  
  34  7:37  Pylon  
  34  7:43  Pylon  
  34  7:57  Khaydarin Monolith x2  
  34  8:05  Khaydarin Monolith  
  34  8:29  Khaydarin Monolith  
  34  9:03  Khaydarin Monolith  
  34  9:33  Sentinel  
  36  10:03  Pylon  
  36  10:06  Pylon, Sentinel  
  36  10:09  Pylon  
  38  10:28  Khaydarin Monolith  
  38  10:39  Sentinel  
  40  10:50  Khaydarin Monolith  
  40  11:12  Sentinel  
  42  11:27  Khaydarin Monolith  
  42  11:45  Sentinel  
  43  12:24  Nexus  
  43  13:30  Pylon  
  43  13:35  Pylon  
  43  13:43  Pylon  
  43  13:50  Khaydarin Monolith  
  43  13:52  Khaydarin Monolith  
  43  13:56  Khaydarin Monolith  
  43  14:01  Khaydarin Monolith  
  43  14:18  Khaydarin Monolith  
  43  15:38  Probe (Chrono Boost)  
  43  15:40  Probe (Chrono Boost)  
  43  15:42  Probe (Chrono Boost)  
  43  15:45  Probe (Chrono Boost)  
  43  15:47  Probe (Chrono Boost)  
  44  15:58  Assimilator  
  48  16:02  Assimilator  
  48  16:39  Khaydarin Monolith  
  48  16:44  Khaydarin Monolith  
  48  16:47  Pylon  
  48  16:54  Khaydarin Monolith  
  48  17:03  Khaydarin Monolith  
  48  17:07  Khaydarin Monolith  
  48  17:13  Khaydarin Monolith  
  47  19:02  Shield Battery  
  47  19:08  Khaydarin Monolith  
  47  19:10  Khaydarin Monolith  
  47  19:13  Khaydarin Monolith  
  47  19:19  Khaydarin Monolith  
  47  19:23  Khaydarin Monolith  
  47  19:24  Khaydarin Monolith  
  47  19:30  Khaydarin Monolith  
  47  19:39  Photon Cannon x2  
  47  19:40  Photon Cannon  
  47  19:50  Khaydarin Monolith  
  47  19:55  Khaydarin Monolith  
  47  20:05  Pylon  
  47  20:16  Pylon  
  47  20:25  Khaydarin Monolith  
  47  20:33  Photon Cannon  
  47  20:36  Khaydarin Monolith  
  47  20:49  Khaydarin Monolith  
  47  21:00  Probe (Chrono Boost)  
  47  21:02  Probe (Chrono Boost)  
  47  21:04  Probe (Chrono Boost)  
  47  21:07  Probe (Chrono Boost)  
  47  21:09  Probe (Chrono Boost)  
  47  21:12  Probe (Chrono Boost)  
  47  21:14  Probe (Chrono Boost)  
  47  21:16  Probe (Chrono Boost)  
  51  21:23  Probe (Chrono Boost)  
  55  21:35  Probe (Chrono Boost)  
  57  21:47  Probe (Chrono Boost)  
  58  21:59  Probe (Chrono Boost)  
  59  22:11  Probe (Chrono Boost)  
  59  22:16  Khaydarin Monolith  
  59  22:18  Khaydarin Monolith  
  60  22:35  Khaydarin Monolith  
  60  22:45  Shield Battery  
  60  22:53  Pylon  
  60  23:01  Khaydarin Monolith  
  60  23:12  Khaydarin Monolith  
  60  23:21  Khaydarin Monolith  
  60  23:24  Khaydarin Monolith  
  60  23:27  Khaydarin Monolith  
  60  23:52  Pylon  
  60  23:59  Pylon  
  60  24:03  Pylon  
  60  24:14  Khaydarin Monolith  
  60  24:15  Khaydarin Monolith  
  60  24:19  Probe (Chrono Boost)  
  61  24:31  Probe (Chrono Boost)  
  62  24:43  Probe (Chrono Boost)  
Show
View Real Time Build Order
Export as new Build Order

NamroodTuo Terran 

Build Orders:  

Get SALT Encoding   

  12  0:03  SCV  
  13  0:18  SCV  
  14  0:32  SCV  
  15  0:46  Engineering Bay  
  15  0:47  SCV  
  16  0:53  Refinery  
  16  1:02  SCV  
  16  1:07  Refinery  
  17  1:17  SCV  
  18  1:30  Engineering Bay  
  18  1:33  SCV  
  19  1:48  SCV  
  20  2:03  SCV  
  21  2:17  SCV  
  22  2:33  Fixers Safehouse  
  22  2:38  Outlaw Weapons Level 1  
  22  2:40  Outlaw Life and Armor Level 1  
  22  2:43  Auto-Turret  
  22  2:44  SCV  
  23  3:01  Tychus  
  23  3:23  SCV  
  24  4:08  Command Center, SCV  
  25  4:23  SCV  
  25  4:26  ITC-E Triggers  
  26  4:38  SCV  
  27  4:52  SCV  
  28  5:06  Muscle Armory  
  28  5:07  SCV  
  29  5:22  SCV  
  30  5:37  SCV  
  31  5:45  SCV  
  31  5:48  Medivac Platform, SCV  
  31  5:51  SCV x2  
  31  5:54  SCV  
  31  5:57  SCV  
  32  6:00  SCV  
  32  6:03  Auto-Turret, Command Center, SCV  
  36  6:17  SCV  
  39  6:25  SCV  
  41  6:31  SCV  
  41  6:39  SCV  
  42  6:45  Refinery  
  42  6:46  SCV  
  42  6:47  Refinery  
  44  6:54  SCV  
  45  7:01  SCV  
  46  7:14  Auto-Turret  
  46  7:16  SCV  
  47  7:20  Auto-Turret  
  47  7:22  Auto-Turret  
  47  7:30  SCV  
  48  7:44  Auto-Turret  
  48  7:45  SCV  
  48  7:46  Auto-Turret  
  49  7:54  Auto-Turret  
  49  8:37  Gunslingers Hideout  
  49  8:54  Vega  
  59  9:08  SCV  
  60  9:23  SCV  
  61  9:35  Crooked Sam  
  61  9:38  SCV  
  72  9:53  SCV  
  73  10:07  SCV  
  54  10:42  Kel-Morian Ripper Rounds  
  74  11:36  James Sirius Sykes  
  84  11:48  Outlaw Weapons Level 2  
  84  11:50  Outlaw Life and Armor Level 2  
  84  11:54  Kev Rattlesnake West  
  94  12:37  Auto-Turret  
  94  13:04  Auto-Turret  
  94  13:33  Auto-Turret  
  94  13:56  Endurance Supplements  
  94  13:58  Flashforce GDM Visor  
  94  14:01  Auto-Turret  
  94  14:29  Auto-Turret  
  94  15:21  Moebius Psionic Motivator  
  94  15:22  Neural Disruption Device  
  94  15:23  Psi Projector  
  94  15:28  D99 Detonator  
  94  15:30  SA-55 Thunderbolt Missiles, Moebius M34 Terror Rounds  
  94  18:34  Outlaw Life and Armor Level 3, Outlaw Weapons Level 3  
  94  19:11  Medivac Platform  
  94  19:13  Vanadium Shell  
  94  19:14  Moebius Restraint Matrix  
  94  19:15  Procyon Shade Suit  
  94  19:21  Umojan Signal Modulator, Moebius Aggression Blend  
  94  19:22  Secret Stash Stimpack  
  84  20:00  Big Red Button  
  84  20:14  Medivac Platform  
  94  20:31  Umojan Turret Frame  
  94  20:33  KD9a Implosion Core  
  94  23:20  Outlaw Weapons Level 4  
  94  23:21  LarsCorp G7 Charges  
  94  23:22  Outlaw Life and Armor Level 4  
  94  23:25  SureShot Networked Helmet  
  94  23:32  Type-88 Persuader  
Tags
 
Commander
KaraxTychus
Matchup
Co-op
Replay Pack
Multiplayer
Add a new tag
Caveats
  • Supply blocks, unpowered buildings, or Contaminate may cause inaccurate times.
  • Supply counts are checked every 10 seconds.